 Dungeon Sprint DCSS version 0.21-a0-94-gdd6ab6a (webtiles) character file.

1460 Kidiri the Covert (level 8, -1/41 (42) HPs)
             Began as a Spriggan Enchanter on July 2, 2017.
             Slain by a flying skull (2 damage)
             ... in the Dungeon (Sprint II: "The Violet Keep of Menkaure").
             The game lasted 00:02:49 (440 turns).

Kidiri the Covert (Spriggan Enchanter)               Turns: 440, Time: 00:02:49

HP:   -1/41 (42)    AC:  2    Str:  4      XL:     8   Next: 48%
MP:   1/23          EV: 28    Int: 13 (17) God:
Gold: 729           SH:  0    Dex: 18      Spells: 15/27 levels left

rFire    . . .     SeeInvis +   a - +1 dagger
rCold    . . .     Gourm    .   (shield restricted)
rNeg     . . .     Faith    .   b - +0 robe
rPois    .         Spirit   .   (helmet restricted)
rElec    .         Reflect  .   (no cloak)
rCorr    .         Harm     .   (gloves unavailable)
MR       +....     NoTele   +   (boots unavailable)
Stlth    ++++++....             (no amulet)
HPRegen  0.13/turn              (no ring)
MPRegen  0.18/turn              (no ring)

@: very slightly contaminated, very quick
A: unfitting armour, see invisible, herbivore 3, speed 3, mutation resistance 1,
slow metabolism 2
a: no special abilities


You were in the Dungeon.
You were not hungry.

You visited 1 branch You collected 729 gold pieces.

Inventory:

Hand Weapons
 a - a +1 dagger (weapon)
Armour
 b - a +0 robe (worn)
Scrolls
 j - a scroll of blinking
Potions
 f - a potion of heal wounds
 g - a potion of haste
Books
 c - a book of Maledictions

   Spells                             Type                      Level
   a - Corona                         Hexes                        1
   b - Ensorcelled Hibernation        Hexes/Ice                    2
   c - Confuse                        Hexes                        3
   d - Tukima's Dance                 Hexes                        3
   e - Dazzling Spray                 Conjuration/Hexes            3
Comestibles
 d - a bread ration


   Skills:
 + Level 4.6 Fighting
 * Level 8.9 Short Blades
 + Level 4.1 Armour
 * Level 11.7 Dodging
 * Level 13.0 Stealth
 * Level 10.1 Spellcasting
 + Level 7.8 Hexes


You had 15 spell levels left.
You knew the following spells:

 Your Spells              Type           Power        Failure   Level  Hunger
a - Corona                Hex            ####...      1%          1    None
b - Ensorcelled Hibernat  Hex/Ice        ###...       3%          2    None
c - Confuse               Hex            ####....     1%          3    #......
d - Tukima's Dance        Hex            ####....     1%          3    #......
e - Dazzling Spray        Conj/Hex       ###...       7%          3    #......


Dungeon Overview and Level Annotations

Branches:
Dungeon (1/1)

Altars:

Shops:
D ?=


Innate Abilities, Weirdness & Mutations

You are very small and have problems with some larger weapons.
You are too small for most types of armour.
You have supernaturally acute eyesight. (SInv)
You are a herbivore.
You cover ground extremely quickly.
You need consume almost no food.
You are somewhat resistant to further mutation.


Message History

The flying skull is lightly damaged.
The flying skull closely misses you. The flying skull completely misses you.
Unknown command.
You hit the flying skull but do no damage.
The flying skull is lightly damaged.
The flying skull completely misses you. x2
Unknown command.
You hit the flying skull but do no damage.
The flying skull is lightly damaged.
The flying skull completely misses you. x2
Unknown command.
You closely miss the flying skull.
The flying skull is lightly damaged.
The flying skull hits you!
* * * LOW HITPOINT WARNING * * *
Unknown command.
You miss the flying skull.
The flying skull is lightly damaged.
The flying skull hits you.
You die...

∩#≈≈####.#.####..##
.#≈##.###+###.##..#
.#≈#..###.##...#..#
.+ +##.+.<.%##.+..#
#..###.##...#....#
##.###'###.##......≈≈
####.######≈≈.....≈#
#.##..# ≈§§≈≈..≈#
##@z.# ≈§≈≈≈§≈§≈#
##z## ≈≈§§≈≈≈≈≈# zz≈≈
≈≈≈≈§§≈≈≈≈# z§#+++


.zzz§ ....§§ ...§§§§§ ##...§.§§ You could see 4 flying skulls.

Vanquished Creatures
  2 tyrant leeches (D)
  4 neqoxecs (D)
  Menkaure (D)
  4 necrophages (D)
  4 worker ants (D)
15 creatures vanquished.

Vanquished Creatures (others)
  A crocodile (D)
1 creature vanquished.

Grand Total: 16 creatures vanquished

Notes
Turn   | Place    | Note
-------+----------+-------------------------------------------
     0 | D        | Kidiri the Spriggan Enchanter began the quest for the Orb.
     0 | D        | Reached XP level 1. HP: 9/9 MP: 5/5
     1 | D        | Noticed a tyrant leech
     1 | D        | Noticed a tyrant leech
     5 | D        | Noticed a worker ant
     5 | D        | Noticed a worker ant
     6 | D        | Noticed a worker ant
     6 | D        | Noticed a worker ant
    12 | D        | Killed a worker ant
    12 | D        | Reached skill level 1 in Fighting
    12 | D        | Reached skill level 6 in Stealth
    12 | D        | Reached XP level 2. HP: 10/14 MP: 5/7
    16 | D        | Reached skill level 1 in Armour
    16 | D        | Reached XP level 3. HP: 13/18 MP: 5/9
    21 | D        | Reached skill level 5 in Dodging
    21 | D        | Reached skill level 7 in Stealth
    21 | D        | Reached XP level 4. HP: 16/22 MP: 5/11
    24 | D        | Reached skill level 5 in Spellcasting
    32 | D        | Killed a crocodile
    57 | D        | Learned a level 2 spell: Ensorcelled Hibernation
    61 | D        | Learned a level 3 spell: Confuse
    65 | D        | Learned a level 3 spell: Tukima's Dance
    69 | D        | Learned a level 3 spell: Dazzling Spray
   173 | D        | Noticed a necrophage
   173 | D        | Noticed a necrophage
   173 | D        | Noticed a necrophage
   173 | D        | Noticed a necrophage
   180 | D        | Killed a necrophage
   180 | D        | Reached skill level 5 in Short Blades
   180 | D        | Reached skill level 8 in Stealth
   180 | D        | Reached skill level 5 in Hexes
   180 | D        | Reached XP level 5. HP: 20/27 MP: 9/14
   182 | D        | Killed a necrophage
   182 | D        | Reached skill level 9 in Stealth
   193 | D        | Killed a necrophage
   193 | D        | Reached skill level 10 in Stealth
   193 | D        | Reached XP level 6. HP: 17/31 MP: 6/17
   321 | D        | Noticed a neqoxec
   328 | D        | Killed a tyrant leech
   328 | D        | Reached skill level 10 in Dodging
   328 | D        | Reached skill level 11 in Stealth
   328 | D        | Reached XP level 7. HP: 34/36 MP: 17/19
   333 | D        | Killed a tyrant leech
   366 | D        | Noticed Menkaure
   367 | D        | Found Tiuvve's Magic Scroll Boutique.
   367 | D        | Found Jeofiacu's Jewellery Shop.
   368 | D        | Killed Menkaure
   368 | D        | Reached skill level 12 in Stealth
   388 | D        | Killed a neqoxec
   388 | D        | Reached XP level 8. HP: 41/41 MP: 18/22
   393 | D        | Noticed a flying skull
   393 | D        | Noticed a flying skull
   396 | D        | Gained mutation: You are somewhat resistant to further mutation. [a neqoxec]
   397 | D        | Noticed a flying skull
   397 | D        | Noticed a flying skull
   397 | D        | Noticed a flying skull
   398 | D        | Noticed a flying skull
   398 | D        | Noticed a flying skull
   398 | D        | Noticed a flying skull
   398 | D        | Noticed a flying skull
   402 | D        | Noticed a flying skull
   407 | D        | Noticed a flying skull
   424 | D        | Noticed a flying skull
   429 | D        | Reached skill level 13 in Stealth
   429 | D        | Reached skill level 10 in Spellcasting
   439 | D        | HP: 1/41 [flying skull (7)]
   440 | D        | Slain by a flying skull

Vault maps used:
D:        the_violet_keep_of_menkaure

Skill      XL: |  1  2  3  4  5  6  7  8 |
---------------+-------------------------+-----
Fighting       | 1 2 3 4 |  4.6
Short Blades   | 2 3 5 6 7 8 |  8.9
Dodging        | 4 5 7 8 10 11 | 11.7
Stealth        | 6 7 8 10 11 12 13 | 13.0
Spellcasting   | 3 4 6 7 8 9 10 | 10.1
Hexes          | 4 5 6 7 |  7.8
Armour         | 1 2 3 4 |  4.1

Action                   |  1- 3 |  4- 6 |  7- 9 || total
-------------------------+-------+-------+-------++-------
Melee: Dagger            |    15 |    19 |    31 ||    65
 Cast: Confuse           |       |     8 |       ||     8
       Ensorcelled Hiber |       |       |    14 ||    14
       Dazzling Spray    |       |       |     6 ||     6
  Use: Potion            |     1 |     2 |     1 ||     4
 Stab: Confused          |       |     6 |       ||     6
       Sleeping          |       |     1 |     4 ||     5
       Invisible         |       |       |     3 ||     3
Armor: Robe              |     1 |       |     4 ||     5
Dodge: Dodged            |     8 |     8 |    73 ||    89
